 Dungeon Crawl Stone Soup version 0.32-a0-171-g4625e66871 (webtiles) character file.

Game seed: 6413066162319132831

1 ScotchWhisky the Sneak (level 1, 20/20 HPs)
             Began as a Gnoll Wanderer on Oct 12, 2023.
             Quit the game on level 1 of the Dungeon on Feb 12, 2024.
             The game lasted 00:02:06 (18 turns).

ScotchWhisky the Sneak (Gnoll Wanderer)               Turns: 18, Time: 00:02:06

Health: 20/20      AC:  4    Str: 10    XL:     1   Next: 20%
Magic:  1/1        EV: 10    Int:  9    God:
Gold:   0          SH:  0    Dex: 14    Spells: 0/0 levels left

rFire   . . .        a - +1 rapier
rCold   . . .        (no shield)
rNeg    . . .        d - +0 leather armour
rPois   .            (no helmet)
rElec   .            (no cloak)
rCorr   .            (no gloves)
SInv    .            b - +0 pair of boots
Will    .....        (no amulet)
Stlth   +++          (no ring)
HPRegen 0.23/turn    (no ring)
MPRegen 0.07/turn

%: no passive effects
@: no status effects
A: fangs 1, strong nose, distributed training
a: no special abilities


You were on level 1 of the Dungeon.
You visited 1 branch of the dungeon, and saw 1 of its levels.

Inventory:

Hand Weapons
 a - a +1 rapier (weapon)
Armour
 b - a +0 pair of boots (worn)
 d - a +0 leather armour (worn)
Potions
 c - a potion of lignification


   Skills:
 + Level 4.4 Fighting
 + Level 6.4 Short Blades
 + Level 0.0 Long Blades
 + Level 0.0 Axes
 + Level 0.0 Maces & Flails
 + Level 0.0 Polearms
 + Level 0.0 Staves
 + Level 0.0 Ranged Weapons
 + Level 0.0 Throwing
 + Level 0.0 Armour
 + Level 0.0 Dodging
 + Level 7.7 Stealth
 + Level 0.0 Shields
 + Level 0.0 Unarmed Combat
 + Level 0.0 Spellcasting
 + Level 0.0 Conjurations
 + Level 0.0 Hexes
 + Level 0.0 Summonings
 + Level 0.0 Necromancy
 + Level 0.0 Translocations
 + Level 0.0 Fire Magic
 + Level 0.0 Ice Magic
 + Level 0.0 Air Magic
 + Level 0.0 Earth Magic
 + Level 0.0 Alchemy
 + Level 0.0 Invocations
 + Level 2.3 Evocations
 + Level 0.0 Shapeshifting


You couldn't memorise any spells.
You didn't know any spells.
Your spell library was empty.

Dungeon Overview and Level Annotations

Branches:
Dungeon (1/15)

Altars:


Innate Abilities, Weirdness & Mutations

You have very sharp teeth.
Your uncanny sense of smell can sniff out nearby items.
Your experience applies equally to all skills.


Message History

Welcome, ScotchWhisky the Gnoll Wanderer.
The wondrous Orb of Zot lies far below, as if waiting for you to find it.
Press ? for a list of commands and other information.
Found a staircase leading out of the dungeon.
You begin with the following items: a +1 rapier, a +0 pair of boots, a potion of lignification, a +0 leather armour.
You open the door.
There is an open door here.
Found a short sword.
An endoplasm comes into view.
The endoplasm quivers.
You hit the endoplasm.
The endoplasm is severely wounded.
You hit the endoplasm.
You kill the endoplasm!
A giant cockroach comes into view.
Welcome back, ScotchWhisky the Gnoll Wanderer.
Press ? for a list of commands and other information.
Unknown command.
Are you sure you want to abandon this character and quit the game? (Confirm with "yes".)

..∆ ∆ . .# .## .#
..#### B# #. ..#
.# # #.##.#####.#
#.#..#.#...#)#
#....#.....@.#
########...#...#.#
#...#....#.#...#.#
+.<.'.##.#.#...#.#
#...#.##.#.#...#.#
##+##.##.#.#...#.#
#.##.#..####.#
#.##.... .#
..#####.


You could see a giant cockroach (asleep).

Vanquished Creatures
  An endoplasm (D:1)
1 creature vanquished.

Notes
Turn   | Place    | Note
-------+----------+-------------------------------------------
     0 | D:1      | ScotchWhisky the Gnoll Wanderer began the quest for the
                  | Orb.
     0 | D:1      | ScotchWhisky set off with the following items: a +1 rapier,
                  | a +0 pair of boots, a potion of lignification, a +0 leather
                  | armour.
     0 | D:1      | Reached XP level 1. HP: 20/20 MP: 1/1
    18 | D:1      | Upgraded the game from 0.31-a0-870-g10ed682358 to
                  | 0.32-a0-171-g4625e66871
    18 | D:1      | Quit the game

Illustrated notes

Levels and vault maps discovered:
D:1:      dpeg_arrival_tiny_g, layout_basic, minmay_misc_feat_diagonals

Action                     || total
---------------------------++-------
  Melee: Rapier            ||     2

Table legend: (Time is in decaauts)
 A = Elapsed time spent in this place.
 B = Non-inter-level travel time spent in this place.
 C = Inter-level travel time spent in this place.
 D = Time resting spent in this place.
 E = Time spent auto-exploring this place.
 F = Levels seen in this place.
 G = Mean time per level.
                   A        B        C        D        E       F      G
               +--------+--------+--------+--------+--------+-----+--------+
         Total |     17 |     17 |      0 |      0 |      8 |   1 |   17.0 |
       Dungeon |     17 |     17 |      0 |      0 |      8 |   1 |   17.0 |
               +--------+--------+--------+--------+--------+-----+--------+

Top non-repeatable levels by time:
     D:1: 17 daAuts
